 Dungeon Crawl Stone Soup version 0.30-a0-122-g2a1322497e (webtiles) character file.

Game seed: 14443203918093939912

296 droid the Chopper (level 6, -1/53 HPs)
             Began as a Minotaur Fighter on Sept 16, 2022.
             Slain by a killer bee zombie (5 damage)
             ... in an ossuary.
             The game lasted 00:02:29 (2990 turns).

droid the Chopper (Minotaur Fighter)                Turns: 2990, Time: 00:02:29

Health: -1/53      AC:  9    Str: 22    XL:     6   Next: 12%
Magic:  5/5        EV:  8    Int:  5    God:
Gold:   163        SH:  4    Dex: 10    Spells: 5/5 levels left

rFire   . . .      SeeInvis .    a - +0 war axe
rCold   . . .      Faith    .    c - +0 buckler
rNeg    . . .      Spirit   .    i - +0 chain mail
rPois   .          Reflect  .    (helmet restricted)
rElec   .          Harm     .    (no cloak)
rCorr   .          Rampage  .    (no gloves)
Will    .....                    (no boots)
Stlth   ..........               (no amulet)
HPRegen 0.17/turn                (no ring)
MPRegen 0.09/turn                (no ring)

@: mighty
A: horns 2, retaliatory headbutt
a: no special abilities


You were in an ossuary.
You visited 1 branch of the dungeon, and saw 4 of its levels.
You also visited: Ossuary.

You collected 163 gold pieces.

Inventory:

Hand Weapons
 a - a +0 war axe (weapon)
Armour
 c - a +0 buckler (worn)
 i - a +0 chain mail (worn)
Jewellery
 f - a ring of wizardry
Scrolls
 g - a scroll of amnesia {unknown}
 h - 3 scrolls of identify {unknown}
 j - a scroll of fear {unknown}
 k - a scroll of enchant weapon {unknown}
 l - a scroll of silence {unknown}
 n - a scroll of noise {unknown}
 o - 2 scrolls of butterflies {unknown}
 q - a scroll of teleportation {unknown}
 r - a scroll of magic mapping {unknown}
Potions
 b - a potion of lignification {unknown}
 e - a potion of berserk rage {unknown}
 m - a potion of degeneration {unknown}
 p - a potion of resistance {unknown}


   Skills:
 + Level 4.3 Fighting
 * Level 5.8 Axes
 + Level 5.2 Armour
 + Level 1.2 Dodging
 + Level 0.1 Stealth
 + Level 4.1 Shields


You had 5 spell levels left.
You didn't know any spells.
Your spell library contained the following spells:

 Spells                   Type           Power      Damage    Failure   Level
 Ignite Poison            Fire/Tmut/Pois 0%         N/A       100%        3
 Mephitic Cloud           Conj/Pois/Air  0%         N/A       100%        3
 Freezing Cloud           Conj/Ice/Air   0%         6-21      100%        5


Dungeon Overview and Level Annotations

Branches:
Dungeon (4/15)            Ossuary (1/1)
 Temple: D:4-7

Altars:
Xom


Innate Abilities, Weirdness & Mutations

You have a pair of horns on your head.
You reflexively headbutt those who attack you in melee.


Message History

The mummy hits you but does no damage.
Your Axes skill increases to level 5!
You hit the mummy.
The mummy is almost destroyed.
You slash the mummy! The mummy hits you but does no damage.
You barely miss the mummy.
The mummy is almost destroyed.
You slash the mummy!
You destroy the mummy!
The mummy hits you but does no damage.
You slash the bog mummy! Your headbutt misses the bog mummy.
The bog mummy is severely damaged.
You slash the mummy!
You destroy the mummy!
A bullfrog zombie comes into view.
The howler monkey zombie barely misses you.
You slash the bog mummy!
You destroy the bog mummy!
You hit the howler monkey zombie.
The howler monkey zombie hits you but does no damage.
You have reached level 6!
You barely miss the howler monkey zombie.
The howler monkey zombie is lightly damaged.
A howler monkey zombie comes into view.
The howler monkey zombie hits you but does no damage.
Unknown command.
You slash the howler monkey zombie!
The howler monkey zombie is almost destroyed.
The howler monkey zombie barely misses you.
You furiously retaliate!
You headbutt the howler monkey zombie!
You destroy the howler monkey zombie!
A killer bee zombie comes into view.
You slash the howler monkey zombie! You headbutt the howler monkey zombie!
You destroy the howler monkey zombie!
The killer bee zombie hits you but does no damage.
You slash the killer bee zombie!
Your headbutt misses the killer bee zombie.
The killer bee zombie is moderately damaged.
The killer bee zombie hits you.
You die...

##### #.#.#
###+#'#'#+#+#+#'
#.'.....@Z......
###.##'##'##'##.
#...#.# #.∩.###
#..∩# #####


You could see a killer bee zombie.

Vanquished Creatures
  2 bullfrog zombies (Ossuary)
  An iguana (D:4)
  4 mummies (Ossuary)
  2 howler monkey zombies (Ossuary)
  3 gnolls (D:2)
  3 adders
  A worm (D:3)
  A dart slug (D:1)
  4 endoplasms
  7 goblins
  8 hobgoblins
  3 quokkas
  3 ball pythons (D:3)
  7 bats
  3 frilled lizards
  5 kobolds
  6 rats
63 creatures vanquished.

Vanquished Creatures (others)
  A frilled lizard (D:2)
  2 withered plants (Ossuary)
3 creatures vanquished.

Grand Total: 66 creatures vanquished

Notes
Turn   | Place    | Note
-------+----------+-------------------------------------------
     0 | D:1      | droid the Minotaur Fighter began the quest for the Orb.
     0 | D:1      | Reached XP level 1. HP: 19/19 MP: 0/0
   236 | D:1      | Reached XP level 2. HP: 27/27 MP: 1/1
   912 | D:2      | Reached XP level 3. HP: 24/33 MP: 2/2
   917 | D:2      | Reached skill level 1 in Dodging
  1293 | D:2      | Found a faded altar of an unknown god.
  1411 | D:2      | Reached XP level 4. HP: 40/40 MP: 3/3
  1802 | D:3      | Found a shimmering altar of Xom.
  2621 | D:4      | Noticed an ogre
  2926 | D:4      | Reached skill level 5 in Armour
  2926 | D:4      | Reached XP level 5. HP: 21/46 MP: 4/4
  2931 | D:4      | Found a sand-covered staircase.
  2939 | Ossuary  | Entered an ossuary
  2979 | Ossuary  | HP: 1/46 [bullfrog zombie (6)]
  2981 | Ossuary  | Reached skill level 5 in Axes
  2985 | Ossuary  | Reached XP level 6. HP: 3/53 MP: 5/5
  2990 | Ossuary  | Slain by a killer bee zombie

Illustrated notes

Levels and vault maps discovered:
D:1:      minmay_arrival_up_and_down, layout_basic
D:2:      layout_basic, basic_ecumenical_altar, lemuel_flame_loot_1
D:3:      layout_loops_corners, mainiacjoe_overflow_small_starburst
D:4:      layout_loops_corners, kennysheep_mini, lightli_temple_of_fire,
          nicolae_ossuary_entry_ruins, goddamned_bats
Ossuary:  ossuary_zaba_flooded

Skill      XL: |  1  2  3  4  5 |
---------------+----------------+-----
Armour         | 4 5 |  5.2
Shields        | 4 |  4.1
Axes           | 3 5 |  5.8
Dodging        | 1 |  1.2
Fighting       | 4 |  4.3
Stealth        | |  0.1

Action                   |  1- 3 |  4- 6 || total
-------------------------+-------+-------++-------
Melee: War axe           |    70 |    73 ||   143
       Headbutt          |    11 |    10 ||    21
  Use: Potion            |       |     1 ||     1
Armor: Scale mail        |    16 |       ||    16
       Chain mail        |    19 |    36 ||    55
Dodge: Dodged            |    28 |    25 ||    53
Block: Buckler           |     7 |    11 ||    18

Table legend: (Time is in decaauts)
 A = Elapsed time spent in this place.
 B = Non-inter-level travel time spent in this place.
 C = Inter-level travel time spent in this place.
 D = Time resting spent in this place.
 E = Time spent auto-exploring this place.
 F = Levels seen in this place.
 G = Mean time per level.
                   A        B        C        D        E       F      G
               +--------+--------+--------+--------+--------+-----+--------+
         Total |   3042 |   2823 |    219 |    477 |   1927 |   5 |  608.4 |
       Dungeon |   2986 |   2767 |    219 |    477 |   1903 |   4 |  746.5 |
       Ossuary |     56 |     56 |      0 |      0 |     24 |   1 |   56.0 |
               +--------+--------+--------+--------+--------+-----+--------+

Top non-repeatable levels by time:
     D:3: 1142 daAuts
     D:2: 950 daAuts
     D:1: 815 daAuts
     D:4: 77 daAuts
 Ossuary: 56 daAuts
